 Dungeon Crawl Stone Soup version 0.16.2-12-gd0ad4c3 (webtiles) character file.

24 dvd the Stinger (level 3, -9/28 HPs)
             Began as a Naga Venom Mage on Sept 18, 2015.
             Mangled by Terence
             ... wielding a +5 morningstar of protection
              (10 damage)
             ... on level 3 of the Dungeon.
             The game lasted 00:09:29 (1107 turns).

dvd the Stinger (Naga Venom Mage)                   Turns: 1107, Time: 00:09:30

Health: -9/28      AC:  7    Str: 10    XL:     3   Next: 2%
Magic:  1/6        EV:  8    Int: 15    God:
Gold:   66         SH:  0    Dex: 12    Spells: 1 memorised, 5 levels left

rFire  . . .     SeeInvis +     (no weapon)
rCold  + . .     Clarity  .     a - +0 robe
rNeg   . . .     SustAb   .     (no shield)
rPois  +         Gourm    .     (no helmet)
rElec  .         Spirit   .     o - +0 cloak (curse)
rCorr  +         Warding  .     (no gloves)
rMut   .         Stasis   .     i - +0 naga barding
MR     .....                    l - amulet of resist corrosion
Stlth  ++........               (no ring)
                                j - ring of protection from cold

@: very slow, not resistant to hostile enchantments, unstealthy
A: spit poison, see invisible, deformed body, poison resistance, slowness 2, AC
+1
a: Spit Poison


You were on level 3 of the Dungeon.
You were not hungry.

You visited 1 branch of the dungeon, and saw 3 of its levels.

You collected 66 gold pieces.

Inventory:

Hand weapons
 r - a +0 short sword
Armour
 a - a +0 robe (worn)
 i - a +0 naga barding (worn)
 o - a cursed +0 cloak (worn)
 u - a +0 robe
 v - a +0 robe
Jewellery
 j - a ring of protection from cold (left hand)
 l - an amulet of resist corrosion (around neck)
Scrolls
 d - a scroll of immolation {unknown}
 e - a scroll of recharging {unknown}
 f - a scroll of enchant armour {unknown}
 g - 2 scrolls of amnesia {unknown}
 n - a scroll of blinking {unknown}
 p - 3 scrolls of identify {unknown}
 s - 2 scrolls of teleportation {unknown}
Potions
 h - a potion of might {unknown}
 k - a potion of heal wounds {unknown}
 q - a potion of restore abilities {unknown}
 w - a potion of curing {unknown}
Books
 b - a Young Poisoner's Handbook

   Spells                             Type                      Level
   a - Sting                          Conjuration/Poison           1
   b - Cure Poison                    Poison                       2
   c - Mephitic Cloud                 Conjuration/Poison/Air       3
   d - Olgreb's Toxic Radiance        Poison                       4
   e - Venom Bolt                     Conjuration/Poison           5
Comestibles
 c - a bread ration
 m - a meat ration


   Skills:
 + Level 1.7 Dodging
 + Level 3.0 Stealth
 + Level 0.2 Unarmed Combat
 + Level 2.1 Spellcasting
 + Level 6.1 Poison Magic


You had 5 spell levels left.
You knew the following spells:

 Your Spells              Type           Power        Failure   Level  Hunger
a - Sting                 Conj/Pois      ##..         8%          1    #......


Dungeon Overview and Level Annotations

Branches:
Dungeon (3/15)

Altars:
Nemelex Xobeh

Annotations:
D:3 Terence


Innate Abilities, Weirdness & Mutations

You cannot wear boots.
You can spit poison.
Your serpentine skin is tough (AC +1).
You have supernaturally acute eyesight.
Armour fits poorly on your strangely shaped body.
Your system is resistant to poisons.
You cover ground very slowly.


Message History

You feel agile.
Your skin feels tougher.
Casting: Sting
Confirm with . or Enter, or press ? or * to list all spells.
Aiming: Sting
Press: ? - help, Shift-Dir - straight line, f - Terence
Aim: Terence, wielding a morningstar of protection, wearing a chain mail and carrying a wand of frost {zapped: 4} (severely wounded, poisoned)
The sting hits Terence.
Terence looks even sicker.
Terence is severely wounded.
You hit Terence but do no damage.
Terence is severely wounded.
You have got your breath back.
Terence zaps a wand.
The puff of frost hits you! You resist.
* * * LOW HITPOINT WARNING * * *
You closely miss Terence.
Terence is severely wounded.
Terence closely misses you.
You hit Terence but do no damage.
Terence is almost dead.
Terence hits you with a morningstar of protection!
You die...

#................
#....# #....# #....#
#####....######
...............# #
#####....####.# ##.
####.# ....########@#
##
..........##@###.....
............>.........
....##.†#.##.###..###
#.....................
....##..#.##.###..#.
.............# # .
........#### .......#


You could see Terence.

Vanquished Creatures
  2 giant geckos
  2 bats
  3 hobgoblins
  2 kobolds
  2 ball pythons
  2 giant cockroaches
  4 goblins
  3 rats (D:1)
20 creatures vanquished.

Notes
Turn   | Place    | Note
--------------------------------------------------------------
     0 | D:1      | dvd, the Naga Venom Mage, began the quest for the Orb.
     0 | D:1      | Reached XP level 1. HP: 15/15 MP: 3/3
   428 | D:1      | Reached XP level 2. HP: 20/22 MP: 1/4
   552 | D:1      | Found a sparkling altar of Nemelex Xobeh.
   721 | D:1      | Reached skill level 6 in Poison Magic
  1070 | D:2      | You fall through a shaft!
  1089 | D:3      | Noticed Terence
  1101 | D:3      | HP: 1/22 [hobgoblin (4)]
  1103 | D:3      | Reached XP level 3. HP: 2/28 MP: 1/6
  1107 | D:3      | Mangled by Terence

Action                   || total
-------------------------++-------
Melee: Unarmed           ||    30
 Cast: Sting             ||    23
 Abil: Spit Poison       ||    14
 Stab: Sleeping          ||     3
  Eat: Chunk             ||     2
